 Dungeon Crawl Stone Soup version 0.23-a0-644-gb60d84b (webtiles) character file.

360 Borgoz the Covert (level 6, -1/32 HPs)
             Began as a Spriggan Assassin on Jan 2, 2019.
             Killed from afar by Ijyb (9 damage)
             ... with a wand of flame (25)
             ... on level 3 of the Dungeon.
             The game lasted 00:04:52 (2984 turns).

Borgoz the Covert (Spriggan Assassin)               Turns: 2984, Time: 00:04:53

Health: -1/32      AC:  3    Str:  9    XL:     6   Next: 38%
Magic:  7/7        EV: 18    Int: 13    God:
Gold:   72         SH:  0    Dex: 17    Spells: 5/5 levels left

rFire    . . .     SeeInvis +   a - +2 dagger (venom)
rCold    . . .     Gourm    .   (shield restricted)
rNeg     . . .     Faith    .   c - +0 robe
rPois    .         Spirit   .   (helmet restricted)
rElec    .         Reflect  .   d - +0 cloak
rCorr    +         Harm     .   (gloves unavailable)
MR       +....                  (boots unavailable)
Stlth    ++++......             (no amulet)
HPRegen  0.10/turn              i - ring of resist corrosion
MPRegen  0.10/turn              (no ring)

@: very quick
A: very small, unfitting armour, see invisible, herbivore, speed 3, slow
metabolism 2
a: no special abilities


You were on level 3 of the Dungeon.
You were not hungry.

You visited 1 branch of the dungeon, and saw 3 of its levels.

You collected 72 gold pieces.

Inventory:

Hand Weapons
 a - a +2 dagger of venom (weapon)
 b - a +0 blowgun
 m - a +1 dagger of speed
Missiles
 e - 10 poisoned needles
 f - 2 curare-tipped needles
Armour
 c - a +0 robe (worn)
 d - a +0 cloak (worn)
Jewellery
 i - a ring of resist corrosion (left hand)
Scrolls
 l - 2 scrolls of teleportation
Potions
 h - a potion of lignification {unknown}
 k - 2 potions of curing
 n - 4 potions of might {unknown}
 o - a potion of agility {unknown}
 p - a potion of mutation {unknown}
Comestibles
 g - 3 rations


   Skills:
 * Level 3.0 Fighting
 + Level 3.4 Short Blades
 + Level 3.2 Throwing
 + Level 3.1 Dodging
 + Level 8.6 Stealth


You had 5 spell levels left.
You didn't know any spells.
Your spell library was empty.

Dungeon Overview and Level Annotations

Branches:
Dungeon (3/15)

Altars:

Annotations:
D:3 Ijyb


Innate Abilities, Weirdness & Mutations

You are very small and have problems with some larger weapons.
You are too small for most types of armour.
You have supernaturally acute eyesight. (SInv)
You are a herbivore.
You cover ground extremely quickly.
You need to consume almost no food.


Message History

a +0 mace; an orc corpse
Things that are here:
a +0 club; a +0 leather armour; an orc corpse You start resting.
Ijyb the Twisted Goblin comes into view.
She is wielding a +1 dagger of venom
Things that are here:
a +0 flail; a +0 leather armour
Things that are here:
a +0 mace; an orc corpse You hit Ijyb but do no damage.
Ijyb misses you.
You closely miss Ijyb.
Ijyb zaps a wand.
The puff of flame hits you!
* * * LOW HITPOINT WARNING * * *
Okay, then.
You hit Ijyb but do no damage.
Ijyb is poisoned.
Ijyb barely misses you.
You hit Ijyb.
Ijyb looks as sick as possible!
Ijyb is lightly wounded.
Things that are here:
a +0 mace; an orc corpse Ijyb zaps a wand.
The puff of flame hits you!
You die...

..#
###.###########......
...... #...### ..#.#####
#...#
##.#.....#.#####..^#
#.#..##.#.........#
...##.#######.#.#
######.# #.#######.#.#
#......###.#.........#
+...)..@)..#.#####.###
#.###....).###.......#.#
.......).)g# #.......#.#
...........# #.......#.#
...........# #.).....#.#
...........# ###.#####.#
##.##......# #.#####.#
#. #......# #.......# #
######.# #########


You could see Ijyb.

Vanquished Creatures
  Grinder (D:3)
  A quasit (D:2)
  Robin (D:2)
  4 gnolls (D:2)
  2 oozes (D:1)
  2 dart slugs (D:1)
  8 orcs (D:3)
  10 goblins
  12 hobgoblins
  3 jackals (D:2)
  7 kobolds
  A quokka (D:3)
  A ball python (D:2)
  6 bats
  3 frilled lizards
  5 rats
67 creatures vanquished.

Notes
Turn   | Place    | Note
-------+----------+-------------------------------------------
     0 | D:1      | Borgoz the Spriggan Assassin began the quest for the Orb.
     0 | D:1      | Reached XP level 1. HP: 10/10 MP: 2/2
    26 | D:1      | Reached skill level 6 in Stealth
    67 | D:1      | Reached XP level 2. HP: 13/14 MP: 3/3
   299 | D:1      | Reached XP level 3. HP: 18/18 MP: 4/4
   937 | D:2      | Reached skill level 7 in Stealth
   981 | D:2      | Reached XP level 4. HP: 5/23 MP: 5/5
  1550 | D:2      | Noticed Robin
  1569 | D:2      | Killed Robin
  2525 | D:3      | Noticed Grinder
  2541 | D:2      | Reached XP level 5. HP: 21/26 MP: 6/6
  2632 | D:3      | Killed Grinder
  2632 | D:3      | Reached skill level 8 in Stealth
  2632 | D:3      | Reached XP level 6. HP: 12/32 MP: 7/7
  2972 | D:3      | Noticed Ijyb
  2984 | D:3      | Killed from afar by Ijyb

Vault maps used:
D:1:      dpeg_arrival_rooms_with_view
D:2:      minmay_misc_feat_rugged, uniq_robin
D:3:      gammafunk_temple_overflow_wave, grunt_temple_overflow_open,
          chequers_serial_rivers_micro_b, kennysheep_generic_room_5,
          uniq_grinder, uniq_jessica, uniq_sigmund, uniq_ijyb

Skill      XL: |  1  2  3  4  5  6 |
---------------+-------------------+-----
Stealth        | 6 7 8 |  8.6
Dodging        | 2 3 |  3.1
Fighting       | 2 3 |  3.0
Short Blades   | 3 |  3.4
Throwing       | 3 |  3.2

Action                   |  1- 3 |  4- 6 || total
-------------------------+-------+-------++-------
Melee: Dagger            |    69 |   105 ||   174
 Fire: Blowgun           |    12 |    10 ||    22
  Use: Scroll            |       |     2 ||     2
 Stab: Sleeping          |     7 |    10 ||    17
       Distracted        |       |     2 ||     2
Armor: Robe              |     1 |    14 ||    15
Dodge: Dodged            |    42 |    68 ||   110

Table legend:
 A = Non-vault XP
 B = Vault XP
 C = Vault XP percentage of total XP
 D = Non-vault monster count
 E = Vault monster count
 F = Vault count percentage of total count
                 A         B        C        D         E       F
            +---------+---------+-------+---------+---------+-------
      Total |     209 |     306 |  59.4 |      56 |      11 |  16.4
            +---------+---------+-------+---------+---------+-------
        D:1 |      39 |       5 |  11.4 |      16 |       2 |  11.1
        D:2 |     136 |      29 |  17.6 |      26 |       8 |  23.5
        D:3 |      34 |     272 |  88.9 |      14 |       1 |   6.7
            +---------+---------+-------+---------+---------+-------
